 Dungeon Crawl Stone Soup version 0.24-a0-639-gb70a11d811 (webtiles) character file.

Game seed: 515747746262915760, levelgen mode: deterministic

7611 Masnef the Placeless Halfling (level 11, -12/69 HPs)
             Began as a Halfling Warper on Sept 22, 2019.
             Was an Initiate of Ashenzari.
             Mangled by a white ugly thing (31 damage)
             ... on level 11 of the Dungeon.
             The game lasted 01:05:55 (17787 turns).

Masnef the Placeless Halfling (Halfling Warper)    Turns: 17787, Time: 01:05:55

Health: -12/69     AC:  6    Str: 12    XL:     11   Next: 40%
Magic:  2/16       EV: 18    Int: 14    God:    Ashenzari [......]
Gold:   503        SH:  6    Dex: 15    Spells: 2/17 levels left

rFire    + + .     SeeInvis +   Q - +2 short sword (flame) (curse)
rCold    . . .     Gourm    .   o - +0 buckler (curse)
rNeg     . . .     Faith    .   V - +2 robe {rF+} (curse)
rPois    .         Spirit   .   (no helmet)
rElec    .         Reflect  .   m - +1 cloak (curse)
rCorr    .         Harm     .   (no gloves)
MR       .....                  (no boots)
Stlth    ++++......             M - amulet of the acrobat
HPRegen  0.21/turn              k - ring of see invisible
MPRegen  0.15/turn              A - ring of protection from fire (curse)

@: no status effects
A: small, mutation resistance 1
a: Curse Item, Renounce Religion


You were on level 11 of the Dungeon.
You worshipped Ashenzari.
Ashenzari was noncommittal.
You were very hungry.

You visited 2 branches of the dungeon, and saw 12 of its levels.

You collected 503 gold pieces.

Inventory:

Hand Weapons
 a - a +0 short sword
 B - the +1 falchion of the Girdle {slice, +Rage}
   (You found it on level 4 of the Dungeon)

   It inflicts extra damage upon your enemies.
   It lets you go berserk.
 H - a +0 dagger of speed
 L - a +0 rapier
 Q - a cursed +2 short sword of flaming (weapon)
Missiles
 e - 4 boomerangs of dispersal
 u - 5 boomerangs
 y - 8 curare-tipped darts
 z - 63 poisoned darts (quivered)
Armour
 b - a +0 leather armour
 d - the cursed +1 ring mail of Xauran {Str+4 Slay+2}
   (You found it on level 10 of the Dungeon)

   It affects your strength (+4).
   It affects your accuracy and damage with ranged weapons and melee attacks
   (+2).
   It has a curse placed upon it.
 m - a cursed +1 cloak (worn)
 o - a cursed +0 buckler (worn)
 F - a +2 robe of magic resistance
 V - a cursed +2 robe of fire resistance (worn)
Jewellery
 j - an uncursed ring of ice
 k - a ring of see invisible (left hand)
 s - an uncursed amulet of the gourmand
 A - a cursed ring of protection from fire (right hand)
 M - an amulet of the acrobat (around neck)
Wands
 l - a wand of disintegration (10)
 x - a wand of acid (4)
 E - a wand of flame (40)
 J - a wand of paralysis (19)
 P - a wand of polymorph (6)
 S - a wand of random effects (29)
Scrolls
 g - 2 scrolls of identify
 i - 2 scrolls of noise
 n - a scroll of amnesia
 q - 2 scrolls of magic mapping
 r - a scroll of fog
 w - a scroll of remove curse
 I - a scroll of silence
 N - a scroll of enchant armour
 O - a scroll of brand weapon
 R - 2 scrolls of teleportation
Potions
 c - 2 potions of agility
 h - a potion of invisibility
 p - a potion of degeneration
 t - a potion of cancellation
 C - 2 potions of might
 D - a potion of curing
 G - a potion of brilliance
 K - a potion of mutation
 U - a potion of haste
Comestibles
 f - 12 rations
 v - 3 chunks of flesh


   Skills:
 + Level 4.2 Fighting
 * Level 7.7 Short Blades
 - Level 1.0 Throwing
 - Level 2.0 Armour
 + Level 5.6 Dodging
 + Level 7.2 Stealth
 * Level 4.6 Shields
 - Level 3.5 Spellcasting
 - Level 1.0 Conjurations
 - Level 5.0 Hexes
 - Level 1.0 Charms
 * Level 10.6 Translocations


You had 2 spell levels left.
You knew the following spells:

 Your Spells              Type           Power        Failure   Level  Hunger
a - Confusing Touch       Hex            ###...       2%          1    #......
b - Blink                 Tloc           N/A          1%          2    ##.....
c - Teleport Other        Tloc           ####....     1%          3    ###....
d - Passage of Golubria   Tloc           N/A          2%          4    #####..
e - Dazzling Spray        Conj/Hex       ##....       19%         3    ###....
s - Shroud of Golubria    Chrm/Tloc      ###...       3%          2    ##.....

Your spell library contained the following spells:

 Spells                   Type           Power        Failure   Level  Hunger
 Apportation              Tloc           ####..       1%          1    #......
 Slow                     Hex            ###.....     4%          2    ##.....
 Magic Dart               Conj           #...         14%         1    #......
 Animate Skeleton         Necr           N/A          22%         1    #......
 Summon Small Mammal      Summ           #...         22%         1    #......
 Searing Ray              Conj           #.....       22%         2    ##.....
 Call Imp                 Summ           #.......     32%         2    ##.....
 Gell's Gravitas          Tloc           ####......   1%          3    ###....
 Lesser Beckoning         Tloc           ####......   1%          3    ###....
 Force Lance              Conj/Tloc      ###.....     19%         4    #####..
 Conjure Flame            Conj/Fire      #.......     47%         3    ###....
 Mephitic Cloud           Conj/Pois/Air  #.......     50%         3    ###....
 Fulminant Prism          Conj/Hex       ##........   52%         4    #####..
 Iskenderun's Mystic Bla  Conj           #.......     80%         4    #####..


Dungeon Overview and Level Annotations

Branches:
Dungeon (11/15)            Temple (1/1) D:6            Lair (0/6) D:9
    Orc (0/2) D:9

Altars:
Ashenzari
Cheibriados
Dithmenos
Elyvilon
Fedhas
Gozag
Hepliaklqana
Kikubaaqudgha
Makhleb
Nemelex Xobeh
Okawaru
Qazlal
Ru
Sif Muna
Trog
Uskayaw
Vehumet
Wu Jian
Xom
Yredelemnul
Zin
The Shining One
Lugonu

Shops:
D:6 %   D:7 [   D:8 :   D:11 (

Annotations:
D:6 2 runed translucent doors, melvinkitnick's ghost, novice GnTm
D:7 2 transporters


Innate Abilities, Weirdness & Mutations

You are small and have problems with some larger weapons.
You are somewhat resistant to further mutation.


Message History

The white ugly thing closely misses you.
You hit the white ugly thing. You burn the white ugly thing.
The white ugly thing is almost dead.
You are feeling very hungry.
You hit the white ugly thing. You burn the white ugly thing.
The white ugly thing is almost dead.
The white ugly thing kicks you! The white ugly thing freezes you!!
Your shroud falls apart!
You hit the white ugly thing. You burn the white ugly thing.
You kill the white ugly thing!
Casting: Dazzling Spray (safe; 19% risk of failure)
Confirm with . or Enter, or press ? or * to list all spells.
You blink.
Found Isaenoli's Weapon Emporium.
Casting: Blink (safe; 1% risk of failure)
Confirm with . or Enter, or press ? or * to list all spells.
You blink.
The white ugly thing headbutts you!
* * * LOW HITPOINT WARNING * * *
The white ugly thing freezes you!!
You die...

....#. ..∩.∩.##########
............... .∩...........
#..............#
#..............#
#...§..........#
#..########....+ #@u# #....#
###+########..# #...#
........>.....# #...+
..............########...#
.....>...................####
.......<.....................
.............................
.....###....#################
.... #....# #


You could see a white ugly thing.

Vanquished Creatures
  A two-headed ogre (D:10)
  An unseen horror (D:10)
  An ugly thing (D:11)
  A troll (D:9)
  6 yaks
  A hungry ghost (D:5)
  Menkaure (D:3)
  2 ice beasts
  5 porcupines (D:9)
  A sky beast (D:7)
  2 black bears (D:8)
  A phantom (D:7)
  8 ogres
  4 orc warriors
  3 centaurs
  A crocodile (D:9)
  3 big kobolds (D:9)
  5 gnoll sergeants
  5 bullfrogs
  A scorpion (D:11)
  4 howler monkeys
  9 crimson imps
  A centaur zombie (D:5)
  6 hounds
  2 bullfrog zombies
  Crazy Yiuf (D:2)
  2 bullfrog skeletons
  A jelly (D:10)
  5 orc wizards
  3 orc priests
  A gnoll shaman (D:9)
  2 iguanas (D:7)
  5 worker ants
  A hound zombie (D:7)
  A worker ant zombie (D:8)
  13 gnolls
  A howler monkey skeleton (D:7)
  8 adders
  3 shadow imps
  An adder skeleton (D:7)
  3 worms
  2 dart slugs
  4 leopard geckos
  19 orcs
  A ball python (D:5)
  5 bats
  7 giant cockroaches
  2 goblins
  11 hobgoblins
  8 jackals
  6 kobolds
  4 quokkas
  4 frilled lizards
  A quokka skeleton (D:7)
  A quokka zombie (D:5)
  7 rats
  A plant (D:9)
209 creatures vanquished.

Vanquished Creatures (others)
  2 jackals (D:6)
  17 fungi (D:9)
  5 plants (D:9)
24 creatures vanquished.

Grand Total: 233 creatures vanquished

Notes
Turn   | Place    | Note
-------+----------+-------------------------------------------
     0 | D:1      | Masnef the Halfling Warper began the quest for the Orb.
     0 | D:1      | Reached XP level 1. HP: 14/14 MP: 3/3
     6 | D:1      | Noticed a polar bear
     6 | D:1      | Noticed a komodo dragon
     7 | D:1      | Noticed a swamp drake
   201 | D:1      | Reached XP level 2. HP: 19/19 MP: 4/4
   211 | D:1      | Learned a level 2 spell: Blink
   214 | D:1      | Learned a level 2 spell: Shroud of Golubria
   589 | D:1      | Reached XP level 3. HP: 21/24 MP: 5/5
  1205 | D:2      | Found a shadowy altar of Dithmenos.
  1205 | D:2      | Found a stormy altar of Qazlal.
  1206 | D:2      | Found an ornate altar of the Wu Jian Council.
  1206 | D:2      | Found a hazy altar of Hepliaklqana.
  1391 | D:2      | Reached XP level 4. HP: 23/29 MP: 2/6
  1451 | D:2      | Found an opulent altar of Gozag.
  1620 | D:2      | Found a runed translucent door.
  1622 | D:2      | Noticed Crazy Yiuf
  1696 | D:2      | Killed Crazy Yiuf
  1696 | D:2      | Reached skill level 5 in Short Blades
  1907 | D:2      | Reached skill level 4 in Translocations
  2112 | D:2      | Reached XP level 5. HP: 34/34 MP: 7/7
  2162 | D:2      | Found a shimmering blue altar of Sif Muna.
  2162 | D:2      | Found an ancient bone altar of Kikubaaqudgha.
  2258 | D:3      | Learned a level 3 spell: Teleport Other
  2857 | D:3      | Found a faded altar of an unknown god.
  3072 | D:4      | Noticed Menkaure
  3626 | D:4      | Noticed an ogre
  3646 | D:4      | Found a hide-covered altar of Uskayaw.
  3647 | D:4      | Noticed a +0 hand axe
  3647 | D:4      | Noticed a +0 hand axe
  3674 | D:5      | Entered Level 5 of the Dungeon
  4104 | D:4      | Identified the +1 falchion of the Girdle {slice, +Rage}
                  | (You found it on level 4 of the Dungeon)
  5073 | D:4      | You fall into a shaft and drop 2 floors!
  5372 | D:4      | Reached XP level 6. HP: 29/39 MP: 5/9
  5378 | D:4      | Learned a level 1 spell: Confusing Touch
  5572 | D:4      | Killed an ogre
  5572 | D:4      | Reached skill level 1 in Stealth
  6152 | D:3      | Found a faded altar of an unknown god.
  6362 | D:3      | Found a faded altar of an unknown god.
  6425 | D:3      | Killed Menkaure
  6425 | D:3      | Reached skill level 5 in Translocations
  6425 | D:3      | Reached XP level 7. HP: 22/44 MP: 8/10
  6613 | D:4      | Reached skill level 1 in Hexes
  7144 | D:5      | Noticed a hungry ghost
  7170 | D:5      | Killed a hungry ghost
  7170 | D:5      | Reached XP level 8. HP: 45/49 MP: 7/11
  7325 | D:5      | Found a radiant altar of Vehumet.
  7326 | D:5      | Found a burning altar of Makhleb.
  7737 | D:5      | Reached skill level 5 in Stealth
  8062 | D:6      | Found a staircase to the Ecumenical Temple.
  8077 | Temple   | Entered the Ecumenical Temple
  8168 | D:6      | Found a runed translucent door.
  8169 | D:6      | Noticed melvinkitnick's ghost (novice GnTm)
  8192 | D:6      | Found Ugitonan's Food Shoppe.
  8399 | D:6      | Reached skill level 1 in Charms
  9332 | D:6      | Reached skill level 6 in Translocations
  9775 | D:6      | Found a runed translucent door.
  9784 | D:6      | Found a glowing golden altar of the Shining One.
  9786 | D:6      | Noticed an angel
  9801 | D:6      | Found a basalt altar of Yredelemnul.
  9803 | D:6      | Noticed a profane servitor
  9988 | D:7      | Reached XP level 9. HP: 42/55 MP: 8/12
 10161 | D:7      | Found Sityump's Armour Emporium.
 10166 | D:7      | Found a transporter.
 10186 | D:7      | Found a transporter.
 10241 | D:7      | Learned a level 4 spell: Passage of Golubria
 11142 | D:7      | Found a snail-covered altar of Cheibriados.
 11729 | D:8      | Found Fuyq's Book Shoppe.
 11800 | D:8      | Reached XP level 10. HP: 57/63 MP: 11/13
 11813 | D:8      | Reached skill level 7 in Translocations
 12540 | D:9      | Found a staircase to the Lair.
 12566 | D:9      | Reached skill level 5 in Dodging
 12571 | D:9      | Learned a level 3 spell: Dazzling Spray
 12964 | D:9      | Reached skill level 5 in Hexes
 13846 | D:9      | Found a shattered altar of Ashenzari.
 13851 | D:9      | Became a worshipper of Ashenzari the Shackled
 14011 | D:9      | Found a staircase to the Orcish Mines.
 14730 | D:9      | Reached skill level 1 in Conjurations
 14913 | D:9      | Reached skill level 1 in Shields
 15035 | D:9      | Reached skill level 8 in Translocations
 15208 | D:9      | Found a staircase to the Lair.
 15310 | D:9      | Found a shattered altar of Ashenzari.
 15753 | D:10     | Entered Level 10 of the Dungeon
 15822 | D:10     | Reached skill level 9 in Translocations
 15830 | D:10     | Reached XP level 11. HP: 50/69 MP: 6/16
 16146 | D:10     | Noticed an unseen horror
 16166 | D:10     | Noticed a two-headed ogre
 16499 | D:10     | Killed an unseen horror
 16499 | D:10     | Reached skill level 10 in Translocations
 16860 | D:10     | Identified the cursed +1 ring mail of Xauran {Str+4 Slay+2}
 17252 | D:10     | Killed a two-headed ogre
 17725 | D:11     | Noticed a white ugly thing
 17726 | D:11     | Noticed a red ugly thing
 17763 | D:11     | Killed a white ugly thing
 17785 | D:11     | Found Isaenoli's Weapon Emporium.
 17787 | D:11     | Mangled by a white ugly thing

Levels and vault maps discovered:
D:1:      onia_arrival_zoo_common, layout_basic
D:2:      layout_basic, chequers_temple_overflow_statue_of_worship,
          old_standard_altar, gammafunk_temple_overflow_statue,
          uniq_crazy_yiuf_cottage
D:3:      layout_basic, first_ration, chequers_ecumenical_altar_lobes,
          corexii_hall_statues_x
D:4:      layout_loops_cross, dancing_weapons_uskayaw, minivault_25,
          uniq_menkaure
D:5:      layout_loops_corners, grunt_temple_overflow_lords_of_destruction,
          dk_noncrumbling_4
D:6:      layout_loops_ring, grunt_temple_overflow_holy_war,
          minmay_temple_entry_water_ring, serial_shops, shop,
          ebering_ghost_sewer_f
D:7:      gammafunk_steamed_eel, layout_basic, slow_altar_2, serial_shops, shop
D:8:      layout_loops_cross, serial_shops, nicolae_shop_stone,
          minmay_manual_mess
D:9:      layout_loops_ring, lemuel_doored_altar, due_lair_maze_entry_diamond,
          kennysheep_orc_monster_closet_entryway
D:10:     layout_big_octagon
D:11:     layout_irregular_city, serial_shops,
          nicolae_shop_competitors_out_of_business
Temple:   corrupted_temple

Skill      XL: |  1  2  3  4  5  6  7  8  9 10 11 |
---------------+----------------------------------+-----
Short Blades   | 3 4 5 6 7 |  7.7
Translocations | 4 5 6 9 10 | 10.6
Spellcasting   | 2 3 |  3.5
Stealth        | 2 4 6 7 |  7.2
Hexes          | 1 2 4 5 |  5.0
Armour         | 2 |  2.0
Fighting       | 2 3 4 |  4.2
Charms         | 1 |  1.0
Dodging        | 3 4 5 |  5.6
Conjurations   | 1 |  1.0
Shields        | 3 4 |  4.6
Throwing       | |  1.0

Action                   |  1- 3 |  4- 6 |  7- 9 | 10-12 || total
-------------------------+-------+-------+-------+-------++-------
Melee: Short sword       |    89 |   267 |   300 |   450 ||  1106
       Dagger            |       |       |   243 |       ||   243
Throw: Dart              |       |    10 |     5 |    39 ||    54
       Boomerang         |       |     1 |       |       ||     1
 Cast: Shroud of Golubri |     4 |    21 |    22 |    31 ||    78
       Blink             |     2 |    11 |     9 |    12 ||    34
       Teleport Other    |       |     1 |     3 |       ||     4
       Confusing Touch   |       |     3 |    81 |    73 ||   157
       Dazzling Spray    |       |       |       |    10 ||    10
       Passage of Golubr |       |       |       |     2 ||     2
Invok: Curse Item        |       |       |       |     5 ||     5
Evoke: Wand              |       |       |     1 |       ||     1
  Use: Potion            |       |     4 |       |       ||     4
       Scroll            |       |     9 |     2 |    10 ||    21
 Stab: Sleeping          |     1 |       |     7 |     3 ||    11
       Confused          |       |     5 |    67 |    51 ||   123
       Invisible         |       |       |       |     2 ||     2
       Distracted        |       |       |       |     2 ||     2
  Eat: Chunk             |     2 |    25 |    30 |    11 ||    68
       Ration            |       |       |       |     2 ||     2
Armor: Leather armour    |    29 |    57 |    25 |       ||   111
       Robe              |       |       |    37 |    27 ||    64
Dodge: Dodged            |    68 |   202 |   250 |   206 ||   726
Block: Buckler           |       |       |       |     7 ||     7

Table legend:
 A = Non-vault XP
 B = Vault XP
 C = Vault XP percentage of total XP
 D = Non-vault monster count
 E = Vault monster count
 F = Vault count percentage of total count
                 A         B        C        D         E       F
            +---------+---------+-------+---------+---------+-------
      Total |    7925 |    2948 |  27.1 |     173 |      35 |  16.8
            +---------+---------+-------+---------+---------+-------
        D:1 |      31 |       0 |   0.0 |      16 |       0 |   0.0
        D:2 |      69 |      42 |  37.8 |      18 |       1 |   5.3
        D:3 |      83 |     169 |  67.1 |      21 |       1 |   4.5
        D:4 |     281 |       0 |   0.0 |      11 |       0 |   0.0
        D:5 |     542 |      50 |   8.4 |      17 |       1 |   5.6
        D:6 |     693 |       0 |   0.0 |      22 |       0 |   0.0
        D:7 |    1223 |       5 |   0.4 |      23 |       1 |   4.2
        D:8 |     799 |     379 |  32.2 |      15 |       4 |  21.1
        D:9 |     418 |    2303 |  84.6 |      10 |      27 |  73.0
       D:10 |    2937 |       0 |   0.0 |      13 |       0 |   0.0
       D:11 |     849 |       0 |   0.0 |       7 |       0 |   0.0
            +---------+---------+-------+---------+---------+-------
